 Dungeon Crawl Stone Soup version 0.21-a0-417-g0adc95b (webtiles) character file.

182 slep the Skirmisher (level 5, -7/43 HPs)
             Began as a Barachi Fighter on Nov 4, 2017.
             Was an Initiate of Dithmenos.
             Killed by divine providence
             ... invoked by an orc priest
              (16 damage)
             ... on level 4 of the Dungeon.
             The game lasted 00:13:27 (2262 turns).

slep the Skirmisher (Barachi Fighter)               Turns: 2262, Time: 00:13:27

Health: -7/43      AC:  8    Str: 18    XL:     5   Next: 61%
Magic:  5/5        EV:  8    Int:  8    God:    Dithmenos [......]
Gold:   96         SH:  9    Dex: 12    Spells: 4/4 levels left

rFire    . . .     SeeInvis .   a - +0 war axe
rCold    . . .     Gourm    .   c - +0 shield
rNeg     . . .     Faith    .   b - +0 scale mail
rPois    .         Spirit   .   m - +0 helmet
rElec    .         Reflect  .   (no cloak)
rCorr    .         Harm     .   (no gloves)
MR       .....                  (no boots)
Stlth    ..........             (no amulet)
HPRegen  0.14/turn              (no ring)
MPRegen  0.09/turn              (no ring)

@: slow
A: +LOS, swims, slowness 1, strong legs 1
a: Hop, Renounce Religion


You were on level 4 of the Dungeon.
You worshipped Dithmenos.
Dithmenos was noncommittal.
You were not hungry.

You visited 1 branch of the dungeon, and saw 4 of its levels.

You collected 96 gold pieces.

Inventory:

Hand Weapons
 a - a +0 war axe (weapon)
 s - a +0 dagger of venom
Armour
 b - a +0 scale mail (worn)
 c - a +0 shield (worn)
 m - a +0 helmet (worn)
Scrolls
 e - 4 scrolls of identify {unknown}
 g - 2 scrolls of remove curse {unknown}
 n - 2 scrolls of fear {unknown}
 o - a scroll of teleportation {unknown}
 q - a scroll of blinking {unknown}
 u - a scroll of enchant armour {unknown}
Potions
 d - 2 potions of might
 h - 3 potions of brilliance {unknown}
 i - a potion of heal wounds {unknown}
 k - 2 potions of invisibility
 r - a potion of agility {unknown}
 v - 2 potions of mutation {unknown}
 w - a potion of resistance {unknown}
Comestibles
 f - a bread ration
 j - 2 chunks of flesh
 l - 2 meat rations
 p - 2 royal jellies
 t - 3 fruits


   Skills:
 + Level 4.6 Fighting
 + Level 4.3 Axes
 + Level 4.2 Armour
 + Level 1.7 Dodging
 + Level 3.8 Shields


You had 4 spell levels left.
You didn't know any spells.

Dungeon Overview and Level Annotations

Branches:
Dungeon (4/15)
 Temple: D:4-7

Altars:
Dithmenos


Innate Abilities, Weirdness & Mutations

Shadows flee at your approach. (+LOS)
You can swim through water.
You cover ground slowly.
You can hop short distances.


Message History

Pain shoots through your body!
The orc priest invokes the aid of Beogh against you.
Pain shoots through your body!
* * * LOW HITPOINT WARNING * * *
Your shield and scale mail prevent you from hitting the orc priest.
The orc priest is heavily wounded.
The orc priest barely misses you.
Your shield and scale mail prevent you from hitting the orc priest.
The orc priest is heavily wounded.
You block the orc priest's attack.
You barely miss the orc priest.
The orc priest is heavily wounded.
The orc priest hits you but does no damage.
The orc priest hits you.
* * * LOW HITPOINT WARNING * * *
You closely miss the orc priest.
The orc priest is heavily wounded.
The orc priest mumbles some strange prayers to Beogh against you.
Beogh smites you!
You die...

. [.### ## .....# ..
....... .# #....####
.######
.##.......####......#.
oo.......<..o@........
.##....############.#.
#... ....# #.. #+


You could see an orc priest.

Vanquished Creatures
  An orc wizard (D:3)
  Robin (D:2)
  2 adders (D:2)
  An ooze (D:2)
  2 worms (D:2)
  3 dart slugs
  2 leopard geckos (D:1)
  12 orcs
  A giant cockroach (D:2)
  18 goblins
  10 hobgoblins
  6 kobolds
  4 quokkas
  2 ball pythons (D:3)
  10 bats
  7 frilled lizards
  14 rats
96 creatures vanquished.

Notes
Turn   | Place    | Note
-------+----------+-------------------------------------------
     0 | D:1      | slep the Barachi Fighter began the quest for the Orb.
     0 | D:1      | Reached XP level 1. HP: 18/18 MP: 1/1
   202 | D:1      | Reached XP level 2. HP: 24/25 MP: 2/2
   716 | D:2      | Reached XP level 3. HP: 30/30 MP: 3/3
   906 | D:2      | Noticed Robin
   941 | D:2      | Killed Robin
   941 | D:2      | Reached skill level 1 in Dodging
   941 | D:2      | Reached XP level 4. HP: 19/37 MP: 4/4
  1677 | D:3      | Reached XP level 5. HP: 39/43 MP: 5/5
  1892 | D:3      | Found a shadowy altar of Dithmenos.
  1907 | D:3      | Became a worshipper of Dithmenos the Shadowed
  2262 | D:4      | Killed from afar by an orc priest

Vault maps used:
D:1:      lightli_arrival_farm
D:2:      uniq_robin
D:3:      grunt_dithmenos_smoke
D:4:      nicolae_tso_carved_into_rock, temple_pool_b,
          hangedman_abyss_or_decor_lesser_grid, grunt_gozag_statues

Skill      XL: |  1  2  3  4  5 |
---------------+----------------+-----
Fighting       | 4 |  4.6
Axes           | 3 4 |  4.3
Dodging        | 1 |  1.7
Armour         | 4 |  4.2
Shields        | |  3.8

Action                   |  1- 3 |  4- 6 || total
-------------------------+-------+-------++-------
Melee: War axe           |    93 |   190 ||   283
  Eat: Chunk             |     1 |     5 ||     6
Armor: Scale mail        |    47 |    95 ||   142
Dodge: Dodged            |    30 |    55 ||    85
Block: Shield            |    47 |    85 ||   132

Table legend:
 A = Spawn XP
 B = Non-spawn XP
 C = Spawn XP percentage of total XP
 D = Spawn monster count
 E = Non-spawn monster count
 F = Spawn count percentage of total count
 G = Total turns spent on level
                    A         B        C        D         E        F      G
               +---------+---------+-------+---------+---------+-------+---------
         Total |       0 |     260 |   0.0 |       0 |      96 |   0.0 |  2262
               +---------+---------+-------+---------+---------+-------+---------
           D:1 |       0 |      31 |   0.0 |       0 |      21 |   0.0 |   685
           D:2 |       0 |     114 |   0.0 |       0 |      39 |   0.0 |   903
           D:3 |       0 |     109 |   0.0 |       0 |      34 |   0.0 |   649
           D:4 |       0 |       6 |   0.0 |       0 |       2 |   0.0 |    25
               +---------+---------+-------+---------+---------+-------+---------
